 Dungeon Crawl Stone Soup version 0.30-a0-972-gf3ab3527aa (webtiles) character file.

Game seed: 18162026930815385229

9 vishdafish the Conjurer (level 2, -1/19 HPs)
             Began as a Demonspawn Conjurer on Mar 31, 2023.
             Slain by a goblin
             ... wielding a +0 club
              (2 damage)
             ... on level 1 of the Dungeon.
             The game lasted 00:00:21 (469 turns).

vishdafish the Conjurer (Demonspawn Conjurer)        Turns: 469, Time: 00:00:22

Health: -1/19      AC:  2    Str:  7    XL:     2   Next: 3%
Magic:  5/5        EV: 12    Int: 19    God:
Gold:   45         SH:  0    Dex: 11    Spells: 4/5 levels left

rFire   . . .      SeeInvis .    (no weapon)
rCold   . . .      Faith    .    (no shield)
rNeg    . . .      Spirit   .    a - +0 robe
rPois   .          Reflect  .    (no helmet)
rElec   .          Rampage  .    (no cloak)
rCorr   .                        (no gloves)
Will    .....                    (no boots)
Stlth   ++                       (no amulet)
HPRegen 0.23/turn                (no ring)
MPRegen 0.09/turn                (no ring)

@: no status effects
A: powered by death 1
a: no special abilities


You were on level 1 of the Dungeon.
You visited 1 branch of the dungeon, and saw 1 of its levels.

You collected 45 gold pieces.

Inventory:

Armour
 a - a +0 robe (worn)
Scrolls
 c - a scroll of vulnerability {unknown}
 d - a scroll of teleportation {unknown}
 e - 2 scrolls of enchant weapon {unknown}


   Skills:
 - Level 1.7 Dodging
 - Level 1.7 Stealth
 + Level 2.3 Spellcasting
 + Level 4.2 Conjurations


You had 4 spell levels left.
You knew the following spells:

 Your Spells              Type           Power      Damage    Failure   Level
a - Magic Dart            Conj           72%        1d6       2%          1

Your spell library contained the following spells:

 Spells                   Type           Power      Damage    Failure   Level
 Searing Ray              Conj           36%        2d5       4%          2
 Dazzling Flash           Conj/Hex       20%        N/A       21%         3
 Fulminant Prism          Conj/Hex       5%         3d7       56%         4
 Iskenderun's Mystic Bla  Conj/Tloc      10%        2d4       56%         4


Dungeon Overview and Level Annotations

Branches:
Dungeon (1/15)

Altars:


Innate Abilities, Weirdness & Mutations

You regenerate a little health from kills.


Message History

You have reached level 2!
Your demonic ancestry asserts itself...
A wave of death washes over you.
A goblin is nearby!
The magic dart hits the goblin.
The goblin is almost dead.
The goblin hits you but does no damage.
You are out of magic!
You are out of magic!
You are out of magic!
You closely miss the goblin.
The goblin is almost dead.
The goblin hits you with a +0 club.
You barely miss the goblin.
The goblin is almost dead.
The goblin hits you with a +0 club.
You barely miss the goblin.
The goblin is almost dead.
The goblin hits you with a +0 club.
You hit the goblin but do no damage.
The goblin is almost dead.
The goblin closely misses you.
You barely miss the goblin.
The goblin is almost dead.
The goblin hits you with a +0 club.
You are too injured to fight recklessly!
You are too injured to fight recklessly!
You are too injured to fight recklessly!
A goblin is nearby!
A goblin is nearby!
You closely miss the goblin.
The goblin is almost dead.
The goblin hits you with a +0 club.
* * * LOW HITPOINT WARNING * * *
You barely miss the goblin.
The goblin is almost dead.
The goblin hits you with a +0 club.
* * * LOW HITPOINT WARNING * * *
Magic courses through your body. The goblin hits you with a +0 club.
You die...

.. .# .. #..
.. #.#
#..##....####
.....[.....###
............
#..#.....#
#.g#..#.###.
#..@........
#.......###
#..#.######.#
#...........#
##.#.........
#.#.########
#.#.# #.#.##
.. #.#..# #.


You could see a goblin.

Vanquished Creatures
  2 ball pythons (D:1)
  2 endoplasms (D:1)
  A giant cockroach (D:1)
  A goblin (D:1)
  A frilled lizard (D:1)
7 creatures vanquished.

Notes
Turn   | Place    | Note
-------+----------+-------------------------------------------
     0 | D:1      | vishdafish the Demonspawn Conjurer began the quest for the
                  | Orb.
     0 | D:1      | Reached XP level 1. HP: 13/13 MP: 3/3
   461 | D:1      | Gained mutation: You regenerate a little health from kills.
                  | [demonic ancestry]
   461 | D:1      | Reached XP level 2. HP: 16/19 MP: 1/5
   469 | D:1      | Slain by a goblin

Illustrated notes

Levels and vault maps discovered:
D:1:      matt_arrival_los_fun, layout_loops_ring

Action                     || total
---------------------------++-------
  Melee: Unarmed           ||    12
   Cast: Magic Dart        ||    12
    Use: Potion            ||     1
 Armour: Robe              ||     3
  Dodge: Dodged            ||     3

Table legend: (Time is in decaauts)
 A = Elapsed time spent in this place.
 B = Non-inter-level travel time spent in this place.
 C = Inter-level travel time spent in this place.
 D = Time resting spent in this place.
 E = Time spent auto-exploring this place.
 F = Levels seen in this place.
 G = Mean time per level.
                   A        B        C        D        E       F      G
               +--------+--------+--------+--------+--------+-----+--------+
         Total |    469 |    469 |      0 |      0 |    423 |   1 |  469.0 |
       Dungeon |    469 |    469 |      0 |      0 |    423 |   1 |  469.0 |
               +--------+--------+--------+--------+--------+-----+--------+

Top non-repeatable levels by time:
     D:1: 469 daAuts
